 Dungeon Crawl Stone Soup version 0.23.2-40-g277498a001 (webtiles) character file.

Game seed: 8246508867440335185

126 Destapler the Sneak (level 5, -1/40 HPs)
             Began as a Gnoll Wanderer on Aug 27, 2019.
             Slain by an orc
             ... wielding a +0 mace
              (7 damage)
             ... on level 3 of the Dungeon.
             The game lasted 00:14:03 (3187 turns).

Destapler the Sneak (Gnoll Wanderer)                Turns: 3187, Time: 00:14:04

Health: -1/40      AC:  3    Str: 13 (15) XL:     5   Next: 9%
Magic:  7/7        EV: 12    Int: 14 (17) God:
Gold:   191        SH:  0    Dex: 16 (17) Spells: 6/6 levels left

rFire    + . .     SeeInvis .   b - +2 short sword (drain)
rCold    + . .     Gourm    .   (no shield)
rNeg     . . .     Faith    .   e - +0 robe
rPois    .         Spirit   .   (no helmet)
rElec    .         Reflect  .   n - +0 cloak
rCorr    .         Harm     .   (no gloves)
MR       .....                  (no boots)
Stlth    ++++......             (no amulet)
HPRegen  0.13/turn              l - ring of protection from fire
MPRegen  0.10/turn              p - ring of protection from cold

@: brilliant
A: distributed training, fangs 1, strong nose
a: no special abilities


You were on level 3 of the Dungeon.
You were not hungry.

You visited 1 branch of the dungeon, and saw 3 of its levels.

You collected 191 gold pieces.

Inventory:

Hand Weapons
 a - a +2 shortbow
 b - a +2 short sword of draining (weapon)
Missiles
 f - 36 arrows
 k - 119 stones (quivered)
Armour
 e - a +0 robe (worn)
 n - a +0 cloak (worn)
Jewellery
 l - a ring of protection from fire (left hand)
 p - a ring of protection from cold (right hand)
 q - an uncursed ring of fire
Scrolls
 i - 5 scrolls of identify {unknown}
 j - 2 scrolls of magic mapping {unknown}
 m - 4 scrolls of teleportation {unknown}
Potions
 d - 2 potions of lignification
 o - a potion of degeneration
 r - 2 potions of curing
Comestibles
 c - 6 chunks of flesh
 g - 5 rations


   Skills:
 + Level 2.8 Fighting
 + Level 1.3 Short Blades
 + Level 1.3 Long Blades
 + Level 1.3 Axes
 + Level 1.3 Maces & Flails
 + Level 1.3 Polearms
 + Level 1.3 Staves
 + Level 1.3 Slings
 + Level 6.6 Bows
 + Level 1.3 Crossbows
 + Level 1.3 Throwing
 + Level 2.8 Armour
 + Level 1.3 Dodging
 + Level 7.9 Stealth
 + Level 1.3 Shields
 + Level 1.3 Unarmed Combat
 + Level 1.3 Spellcasting
 + Level 1.0 Conjurations
 + Level 1.0 Hexes
 + Level 1.0 Charms
 + Level 1.0 Summonings
 + Level 1.0 Necromancy
 + Level 1.0 Translocations
 + Level 1.0 Transmutations
 + Level 1.0 Fire Magic
 + Level 1.0 Ice Magic
 + Level 1.0 Air Magic
 + Level 1.0 Earth Magic
 + Level 1.0 Poison Magic
 + Level 1.4 Invocations
 + Level 2.8 Evocations


You had 6 spell levels left.
You didn't know any spells.
Your spell library was empty.

Dungeon Overview and Level Annotations

Branches:
Dungeon (3/15)

Altars:


Innate Abilities, Weirdness & Mutations

Your experience applies equally to all skills.
You have very sharp teeth.
Your uncanny sense of smell can sniff out nearby items.


Message History

Beogh smites you! The goblin hits you but does no damage.
Items here: $ ( ) † a +0 club; 13 stones; 8 gold pieces; a hobgoblin corpse The orc priest mumbles some strange prayers to Beogh against you.
Beogh smites you!
* * * LOW HITPOINT WARNING * * *
There is an open door here.
It was a potion of degeneration.
There was something very wrong with that liquid.
You feel weakened.
You feel dopey.
You feel clumsy. The goblin barely misses you.
It was a potion of brilliance.
You feel clever all of a sudden. The goblin misses you.
You hit the goblin. You drain the goblin.
You kill the goblin!
The orc priest begins to cast a cantrip, but forgets the words!
The orc barely misses you. The orc priest misses you.
The orc hits you with a +0 mace!
You die...

#..............#.# #..÷#
#..............#.#######...#
............##.............#
............##...........###
............##...........#
............##...........#
............##...........#
............##...o.......#
##########+#####@#########
#oo.....# #.......#
............# ##
........!...# ..
.............# ..
...!........?# ..
.............# ..
##+###........


You could see an orc priest and 2 orcs.

Vanquished Creatures
  4 adders
  An ooze (D:2)
  2 worms (D:2)
  4 dart slugs
  3 leopard geckos
  An orc (D:3)
  5 giant cockroaches (D:2)
  9 goblins
  6 hobgoblins
  4 jackals (D:2)
  9 kobolds
  A quokka (D:3)
  A ball python (D:1)
  7 bats
  7 frilled lizards
  5 rats
69 creatures vanquished.

Notes
Turn   | Place    | Note
-------+----------+-------------------------------------------
     0 | D:1      | Destapler the Gnoll Wanderer began the quest for the Orb.
     0 | D:1      | Destapler set off with the following items: a +2 shortbow,
                  | 24 arrows, a potion of curing, a potion of lignification, a
                  | +0 robe, a +0 dagger, a ration
     0 | D:1      | Reached XP level 1. HP: 17/17 MP: 2/2
   366 | D:1      | Reached XP level 2. HP: 23/23 MP: 3/3
   982 | D:1      | Reached XP level 3. HP: 28/28 MP: 4/4
  1554 | D:2      | Reached skill level 1 in Invocations
  1784 | D:2      | Reached skill level 1 in Short Blades
  1784 | D:2      | Reached skill level 1 in Long Blades
  1784 | D:2      | Reached skill level 1 in Axes
  1784 | D:2      | Reached skill level 1 in Maces & Flails
  1784 | D:2      | Reached skill level 1 in Polearms
  1784 | D:2      | Reached skill level 1 in Staves
  1784 | D:2      | Reached skill level 1 in Slings
  1784 | D:2      | Reached skill level 1 in Crossbows
  1784 | D:2      | Reached skill level 1 in Throwing
  1784 | D:2      | Reached skill level 1 in Dodging
  1784 | D:2      | Reached skill level 1 in Shields
  1784 | D:2      | Reached skill level 1 in Unarmed Combat
  1784 | D:2      | Reached skill level 1 in Spellcasting
  1832 | D:2      | Reached XP level 4. HP: 27/34 MP: 6/6
  2403 | D:2      | Reached skill level 1 in Conjurations
  2403 | D:2      | Reached skill level 1 in Hexes
  2403 | D:2      | Reached skill level 1 in Charms
  2403 | D:2      | Reached skill level 1 in Summonings
  2403 | D:2      | Reached skill level 1 in Necromancy
  2403 | D:2      | Reached skill level 1 in Translocations
  2403 | D:2      | Reached skill level 1 in Transmutations
  2403 | D:2      | Reached skill level 1 in Fire Magic
  2403 | D:2      | Reached skill level 1 in Ice Magic
  2403 | D:2      | Reached skill level 1 in Air Magic
  2403 | D:2      | Reached skill level 1 in Earth Magic
  2403 | D:2      | Reached skill level 1 in Poison Magic
  2994 | D:3      | Reached XP level 5. HP: 40/40 MP: 7/7
  3187 | D:3      | Slain by an orc

Skill      XL: |  1  2  3  4 |
---------------+-------------+-----
Invocations    | 1 |  1.4
Short Blades   | 1 |  1.3
Long Blades    | 1 |  1.3
Axes           | 1 |  1.3
Maces & Flails | 1 |  1.3
Polearms       | 1 |  1.3
Staves         | 1 |  1.3
Slings         | 1 |  1.3
Crossbows      | 1 |  1.3
Throwing       | 1 |  1.3
Dodging        | 1 |  1.3
Shields        | 1 |  1.3
Unarmed Combat | 1 |  1.3
Spellcasting   | 1 |  1.3
Conjurations   | 1 |  1.0
Hexes          | 1 |  1.0
Charms         | 1 |  1.0
Summonings     | 1 |  1.0
Necromancy     | 1 |  1.0
Translocations | 1 |  1.0
Transmutations | 1 |  1.0
Fire Magic     | 1 |  1.0
Ice Magic      | 1 |  1.0
Air Magic      | 1 |  1.0
Earth Magic    | 1 |  1.0
Poison Magic   | 1 |  1.0
Fighting       | |  2.8
Bows           | |  6.6
Armour         | |  2.8
Stealth        | |  7.9
Evocations     | |  2.8

Action                   |  1- 3 |  4- 6 || total
-------------------------+-------+-------++-------
Melee: Dagger            |    96 |    34 ||   130
       Bite              |     6 |     2 ||     8
       Punch             |     1 |       ||     1
       Short sword       |       |    24 ||    24
 Fire: Shortbow          |    38 |    11 ||    49
  Use: Potion            |     1 |     2 ||     3
 Stab: Sleeping          |     6 |    14 ||    20
  Eat: Chunk             |     3 |     4 ||     7
Armor: Robe              |    20 |     6 ||    26
Dodge: Dodged            |    54 |    30 ||    84
